Map: Acolyte LE

Players

xKawaiian - Winner!

  • Race: Terran Terran
  • League: Grandmaster
  • Spawn Location: 7:00

Blinky

  • Race: Protoss Protoss
  • League: Grandmaster
  • Spawn Location: 1:00

VOD

Have the link to the VOD?

Description

Time

  • Played on: Oct. 17, 2017, 9:17 a.m.
  • Length: 22:47
Show
View Real Time Build Order
Export as new Build Order

xKawaiian Terran - Winner!

Build Orders: Reaper Expand, MMM Bio 

Get SALT Encoding   

  12  0:01  SCV  
  13  0:13  SCV  
  14  0:17  Supply Depot  
  14  0:25  SCV  
  15  0:30  Refinery  
  15  0:39  SCV  
  16  0:45  Barracks  
  16  0:51  SCV  
  17  1:03  SCV  
  18  1:15  SCV  
  19  1:31  Orbital Command  
  19  1:32  Reaper  
  20  1:46  Command Center  
  20  1:57  Factory  
  20  1:58  SCV  
  21  2:06  Barracks Reactor  
  21  2:08  Supply Depot  
  21  2:11  SCV  
  22  2:17  Refinery  
  22  2:23  SCV  
  23  2:35  SCV  
  24  2:43  Starport  
  24  2:44  Marine x2  
  25  2:47  SCV, Widow Mine  
  28  2:59  SCV  
  28  3:00  Orbital Command  
  28  3:04  Marine x2  
  31  3:11  SCV  
  32  3:17  Widow Mine  
  32  3:19  Viking  
  36  3:28  Supply Depot  
  36  3:29  SCV  
  36  3:30  SCV  
  36  3:31  Marine x2  
  40  3:41  SCV  
  40  3:46  SCV  
  40  3:47  Factory Tech Lab  
  42  3:49  Marine x2  
  42  3:53  Starport Tech Lab  
  44  3:58  SCV, Barracks  
  44  3:59  Barracks  
  45  4:03  SCV  
  45  4:07  Supply Depot  
  46  4:10  SCV  
  46  4:11  Marine x2  
  49  4:17  Factory Tech Lab  
  49  4:18  Engineering Bay  
  49  4:19  SCV  
  49  4:22  SCV, Starport Reactor  
  51  4:31  Supply Depot, Marine x2, SCV  
  52  4:35  Siege Tank  
  57  4:40  SCV  
  57  4:43  SCV  
  57  4:45  Terran Infantry Weapons Level 1, Refinery  
  59  4:51  Refinery  
  59  4:53  Combat Shields  
  59  4:54  Marine, Stimpack  
  59  4:57  SCV x2  
  62  5:09  SCV x2  
  62  5:11  Siege Tank  
  62  5:12  Marine x2  
  69  5:18  Supply Depot x2  
  69  5:21  SCV  
  69  5:27  Supply Depot  
  69  5:28  Supply Depot  
  70  5:39  Marine x3, Medivac  
  70  5:41  Barracks  
  74  5:43  Barracks  
  73  5:55  SCV  
  72  6:00  SCV  
  73  6:07  SCV  
  73  6:08  Marine  
  73  6:09  Marine  
  75  6:12  Marine, SCV  
  77  6:25  Missile Turret  
  77  6:26  Supply Depot, Marauder  
  77  6:27  Supply Depot  
  77  6:31  Medivac x2  
  83  6:35  Marine  
  83  6:38  Barracks Tech Lab, Barracks Reactor  
  83  6:39  Marine  
  85  6:44  Liberator x2  
  85  6:51  Marauder  
  85  6:52  Marine  
  88  7:04  Marine, Marauder  
  97  7:10  Marine, Marauder  
  97  7:12  Marine  
  101  7:17  Marine  
  101  7:18  Marine, Siege Tank  
  101  7:22  Marine  
  107  7:26  Marauder  
  107  7:27  Marine  
  110  7:31  Marauder  
  110  7:32  Marauder  
  110  7:35  Marine  
  110  7:36  Marine  
  116  7:39  Marine  
  117  7:45  Marine  
  117  7:49  Supply Depot  
  117  7:50  Supply Depot  
  118  7:53  Liberator x2  
  117  8:02  Marauder  
  117  8:03  Marine  
  118  8:11  Marauder, Marine x3  
  129  8:18  Marine  
  130  8:27  Marine  
  129  8:31  Marine  
  129  8:33  Marine, Marauder  
  104  8:34  Marine x2  
  104  8:36  Marine  
  93  8:44  Marine  
  89  8:48  Marine  
  89  8:49  Siege Tank  
  89  8:50  Marine  
  89  8:52  Marine x2  
  89  8:53  Marine  
  89  8:54  Marine  
  89  9:00  Medivac x2  
  89  9:02  Marine  
  85  9:06  Marine, Command Center  
  85  9:08  Marine  
  85  9:09  SCV x2  
  90  9:10  Marine x2  
  90  9:11  Marine  
  90  9:12  Marine  
  94  9:20  Marine  
  94  9:21  SCV, Concussive Shells  
  96  9:24  Marine  
  96  9:25  SCV  
  96  9:26  Marine  
  96  9:28  Marauder  
  96  9:30  Marauder x2  
  96  9:31  Medivac x2  
  107  9:34  Marine  
  110  9:44  Marine  
  110  9:45  Armory  
  111  9:46  Engineering Bay, Marine x2  
  111  9:47  Liberator  
  111  9:50  Marauder  
  115  9:56  Marine  
  115  9:57  Marauder  
  118  10:04  Marine  
  118  10:05  Marauder  
  118  10:06  SCV x2  
  126  10:11  Marine x2, Marauder  
  126  10:12  Siege Tank  
  133  10:18  SCV  
  123  10:36  Terran Infantry Weapons Level 2  
  123  10:37  Terran Vehicle Weapons Level 1, Terran Infantry Armor Level 1  
  123  10:42  Barracks  
  123  10:43  Barracks  
  123  10:49  Marine  
  126  10:50  Marauder  
  126  10:56  Orbital Command  
  124  10:57  SCV  
  124  10:58  Marine, SCV  
  124  10:59  Marine, Marauder  
  125  11:06  Marine, Marauder  
  125  11:10  Marine  
  117  11:11  Marauder  
  117  11:12  Medivac  
  117  11:17  Medivac  
  115  11:24  Marine  
  114  11:26  SCV  
  110  11:36  Marine  
  110  11:37  Barracks Tech Lab  
  107  11:42  SCV x2, Medivac  
  107  11:43  Barracks Reactor  
  111  11:47  Medivac  
  111  11:52  Marine  
  111  11:53  Marauder  
  114  11:59  Marine  
  90  12:04  SCV  
  90  12:05  Liberator x2, Marine  
  90  12:06  Marauder  
  90  12:08  Siege Tank  
  85  12:13  Refinery x2, Barracks  
  85  12:14  Starport  
  85  12:17  Bunker x2  
  88  12:23  Marine  
  88  12:24  Marine  
  88  12:25  Marine  
  88  12:29  SCV  
  95  12:36  Marine x2  
  101  12:37  Marauder x2  
  101  12:40  Marauder  
  96  12:44  Marine, Marauder  
  96  12:48  Marine  
  96  12:49  Marine  
  90  12:58  Marine x4  
  86  13:12  Marine x2  
  86  13:15  Orbital Command  
  83  13:32  Marine  
  84  13:38  Marine  
  85  13:49  Medivac  
  85  13:51  Marine  
  85  13:52  Marauder  
  90  13:58  Barracks Tech Lab, Marine x2, Marauder  
  94  14:10  Medivac x2  
  94  14:13  SCV x2  
  94  14:15  Marine x2, Marauder  
  104  14:25  Orbital Command  
  104  14:29  Terran Infantry Armor Level 2, Terran Infantry Weapons Level 3  
  104  14:32  Marine  
  104  14:38  Siege Tank  
  108  14:39  SCV  
  109  14:47  Marine, Marauder  
  109  14:50  Liberator  
  112  14:53  Refinery  
  112  14:54  Refinery  
  112  14:56  SCV x3  
  115  15:02  Marine x2  
  115  15:04  Marine  
  118  15:09  Marine  
  118  15:10  Marine  
  118  15:14  Marauder  
  125  15:15  SCV  
  125  15:18  Marine, Marauder  
  123  15:25  SCV x2  
  123  15:27  Marine x2, SCV, Marauder  
  130  15:32  Marine  
  130  15:34  Supply Depot x2  
  132  15:35  Liberator x2  
  131  15:36  Marauder  
  131  15:38  Marine  
  131  15:39  Marauder, Marine  
  131  15:41  Marine  
  138  15:50  Marine  
  138  15:51  Marauder  
  147  15:59  Marine, Marauder  
  147  16:00  Marauder x2  
  147  16:03  Marine  
  155  16:04  Liberator, Marine  
  155  16:05  Refinery  
  155  16:07  Marauder  
  155  16:09  Marine  
  151  16:15  Supply Depot  
  151  16:16  Supply Depot, Marine, Marauder  
  151  16:17  Marine  
  155  16:22  Marine x2  
  160  16:26  Siege Tank  
  160  16:28  Marine x2  
  165  16:37  Marine, Marauder  
  165  16:38  Supply Depot  
  168  16:40  Supply Depot x2  
  168  16:43  Marine x2, Marauder  
  172  16:48  Marine  
  173  16:54  Marine x2  
  173  16:55  Marauder, Marine  
  173  16:58  Siege Tank  
  173  17:01  Supply Depot x2  
  181  17:10  Marine x2, Marauder  
  173  17:23  Marine x2, Marauder  
  172  17:30  Marine x2  
  172  17:31  Viking x2, Marauder x3, Marine  
  172  17:32  Siege Tank  
  172  17:33  Marine  
  172  17:35  Marine  
  190  17:37  Starport Reactor  
  190  17:40  Marine  
  191  17:50  Marine x6  
  197  17:51  Marine  
  197  17:52  Marine  
  197  18:12  Marine  
  195  18:18  Marine  
  195  18:23  Viking x2  
  195  18:24  Marauder  
  196  18:27  Marine x2, Marauder  
  196  18:28  Marine x2  
  196  18:29  Marauder  
  196  18:31  Marine  
  196  18:32  Marauder  
  194  18:36  Marine  
  194  18:37  Marauder  
  194  18:40  Siege Tank  
  195  18:45  Marine x2, Marauder  
  158  18:56  Marine, Marauder  
  158  18:58  Marine  
  158  19:00  Marine x2  
  158  19:01  Marauder  
  158  19:02  Medivac  
  157  19:09  Orbital Command  
  136  19:18  Marine, Marauder, Medivac  
  137  19:29  Marine  
  117  19:47  Medivac x3  
  108  20:05  Viking  
  76  20:17  Marine, Orbital Command  
  76  20:18  Marine  
  78  20:36  Marine x4  
  78  20:37  Marine  
  80  20:43  Marine  
  80  20:49  Marine  
  74  21:00  Marine  
  71  21:06  Orbital Command  
  69  21:25  Marine  
  66  21:43  Marine x3  
  66  21:44  Marine x6  
  65  21:50  Marine  
  65  21:51  Marine  
  64  22:07  Marine  
  65  22:09  SCV  
  66  22:28  Marine  
Show
View Real Time Build Order
Export as new Build Order

Blinky Protoss 

Build Orders: 1 Gate Expand 

Get SALT Encoding   

  12  0:05  Probe (Chrono Boost)  
  13  0:16  Probe (Chrono Boost)  
  13  0:20  Pylon  
  14  0:27  Probe (Chrono Boost)  
  15  0:42  Gateway  
  15  0:45  Probe (Chrono Boost)  
  15  0:47  Assimilator  
  16  0:55  Probe (Chrono Boost)  
  17  1:06  Probe (Chrono Boost)  
  18  1:16  Probe (Chrono Boost)  
  19  1:29  Nexus  
  19  1:37  Probe (Chrono Boost)  
  20  1:45  Cybernetics Core  
  20  1:49  Probe (Chrono Boost)  
  20  1:50  Assimilator  
  21  1:56  Pylon  
  21  1:59  Probe (Chrono Boost)  
  22  2:21  Adept, Mothership Core (Chrono Boost)  
  26  2:27  Gateway  
  26  2:29  Warp Gate  
  26  2:41  Probe (Chrono Boost)  
  26  2:46  Probe (Chrono Boost)  
  27  2:52  Probe (Chrono Boost)  
  27  2:54  Sentry  
  27  2:57  Probe (Chrono Boost)  
  31  3:02  Probe (Chrono Boost)  
  31  3:05  Robotics Facility  
  32  3:07  Probe (Chrono Boost)  
  33  3:13  Probe (Chrono Boost)  
  33  3:16  Adept  
  33  3:18  Probe (Chrono Boost)  
  37  3:23  Probe (Chrono Boost)  
  38  3:28  Probe (Chrono Boost)  
  38  3:29  Sentry  
  42  3:34  Probe (Chrono Boost)  
  42  3:36  Pylon  
  42  3:39  Probe (Chrono Boost)  
  43  3:41  Gateway  
  43  3:46  Sentry  
  43  3:47  Probe (Chrono Boost)  
  46  3:54  Probe (Chrono Boost)  
  47  3:56  Adept  
  47  3:57  Probe (Chrono Boost)  
  47  3:59  Assimilator  
  47  4:01  Pylon  
  50  4:03  Probe (Chrono Boost)  
  50  4:04  Observer (Chrono Boost)  
  50  4:08  Probe  
  53  4:12  Pylon  
  53  4:14  Probe  
  54  4:20  Probe  
  55  4:25  Warp Prism (Chrono Boost)  
  55  4:29  Probe  
  58  4:38  Stalker x3  
  64  4:49  Probe  
  65  5:04  Stalker x2  
  65  5:07  Nexus  
  69  5:09  Pylon  
  69  5:16  Probe, Observer (Chrono Boost)  
  69  5:20  Assimilator  
  70  5:26  Probe  
  71  5:32  Probe  
  72  5:37  Probe  
  72  5:39  Twilight Council  
  73  5:43  Forge  
  73  5:44  Probe, Immortal (Chrono Boost)  
  78  5:50  Probe  
  78  5:56  Probe  
  78  6:01  Probe  
  77  6:08  Adept, Probe  
  77  6:10  Pylon  
  78  6:17  Gateway, Probe  
  78  6:18  Pylon, Gateway, Protoss Ground Weapons Level 1  
  78  6:19  Adept  
  78  6:20  Gateway x2  
  81  6:32  Resonating Glaives (Chrono Boost)  
  81  6:36  Probe  
  82  6:43  Adept x2, Probe  
  82  6:44  Adept  
  82  6:45  Probe  
  90  6:48  Probe  
  90  6:49  Pylon  
  90  6:52  Photon Cannon, Pylon  
  89  7:11  Immortal  
  93  7:15  Adept x2  
  93  7:16  Adept  
  93  7:20  Probe x2  
  101  7:37  Probe x2  
  101  7:39  Assimilator  
  101  7:41  Assimilator  
  101  7:42  Templar Archives  
  103  7:49  Adept x7  
  115  8:06  Immortal  
  118  8:15  Stalker x3  
  118  8:17  Pylon  
  106  8:39  Adept  
  106  8:40  Adept x6  
  92  8:51  Protoss Ground Armor Level 1  
  82  9:01  Blink (Chrono Boost)  
  82  9:02  Psionic Storm, High Templar x4, Probe  
  89  9:12  Sentry  
  89  9:13  Adept x2  
  95  9:18  Gateway  
  95  9:19  Gateway  
  95  9:20  Probe, Photon Cannon  
  95  9:22  Nexus, Pylon  
  95  9:23  Pylon  
  96  9:25  Pylon  
  96  9:34  Pylon  
  96  9:45  Adept  
  96  9:46  Adept x4  
  96  9:47  Stalker x2  
  108  10:01  Immortal  
  112  10:12  Adept x7  
  120  10:35  Stalker x5  
  124  10:36  Stalker x2  
  124  10:38  Adept x2  
  124  10:41  Probe x2, Pylon x2  
  138  10:55  Assimilator  
  138  10:57  Assimilator, Immortal (Chrono Boost)  
  138  10:59  Stargate  
  138  11:00  Stargate  
  142  11:07  Adept x4  
  142  11:08  Adept  
  139  11:26  Stalker x4  
  121  12:05  High Templar x4  
  121  12:07  Adept x5  
  137  12:23  Pylon  
  137  12:27  Nexus  
  93  13:29  High Templar  
  93  13:30  High Templar x2  
  93  13:32  Void Ray x2  
  107  13:35  Fleet Beacon  
  107  13:37  Pylon  
  107  13:40  Mothership Core  
  109  13:41  Pylon  
  109  13:44  Assimilator  
  109  13:47  Protoss Ground Armor Level 2  
  105  13:56  Adept  
  105  13:57  Adept x5  
  117  14:03  Probe  
  116  14:12  Adept x3  
  122  14:22  Sentry x2  
  122  14:23  High Templar  
  122  14:24  High Templar  
  130  14:26  Nexus  
  130  14:27  Pylon  
  130  14:30  Pylon  
  130  14:31  Immortal (Chrono Boost)  
  129  14:32  Tempest x2 (Chrono Boost)  
  145  14:43  Adept x5  
  155  14:47  Zealot x2  
  159  14:54  Photon Cannon  
  159  15:02  Stalker x2  
  159  15:04  Stalker  
  151  15:23  Probe x2  
  151  15:25  Probe x2  
  167  15:28  Tempest (Chrono Boost)  
  167  15:29  Tempest (Chrono Boost)  
  173  15:40  Pylon  
  172  15:51  Adept x2  
  172  15:52  Zealot x2  
  180  16:14  Zealot x9  
  180  16:16  Probe x2  
  199  16:39  Assimilator  
  199  16:41  Assimilator  
  199  16:43  Pylon  
  199  16:44  Photon Cannon x2  
  197  16:52  Observer  
  193  16:59  Oracle (Chrono Boost)  
  195  17:08  Warp Prism  
  162  17:26  Zealot x2  
  162  17:27  Zealot x7  
  180  17:57  Stalker x3  
  180  17:58  Zealot x4  
  190  18:03  Stalker  
  190  18:04  Stalker  
  165  18:21  Zealot x5  
  165  18:22  Zealot x2  
  137  19:13  Archon  
  137  19:14  Zealot x2  
  104  19:39  Probe  
  102  19:47  Pylon  
  69  20:17  Zealot x2  
  73  20:25  Pylon  
  73  20:27  Gateway x3, Pylon  
  73  20:28  Gateway  
  73  20:29  Gateway x2  
  73  20:33  Pylon  
  73  20:35  Pylon  
  51  21:24  Zealot x3  
  51  21:25  Zealot x5  
  63  22:03  Probe  
  64  22:14  Probe  
  65  22:29  Probe  
Tags
 
Add a new tag
Caveats
  • Supply blocks, unpowered buildings, or Contaminate may cause inaccurate times.
  • Supply counts are checked every 10 seconds.